 Dungeon Crawl Stone Soup version 0.31-a0-986-g5e6e4ef867 (webtiles) character file.

Game seed: 7132786953131913567

2 AppTheSpectato the Chiller (level 1, -1/13 HPs)
             Began as a Human Wanderer on Nov 8, 2023.
             Slain by a kobold
             ... wielding a +0 whip
              (3 damage)
             ... on level 1 of the Dungeon.
             The game lasted 00:01:23 (77 turns).

AppTheSpectato the Chiller (Human Wanderer)           Turns: 77, Time: 00:01:23

Health: -1/13      AC:  2    Str: 11    XL:     1   Next: 33%
Magic:  2/2        EV: 11    Int: 15    God:
Gold:   0          SH:  0    Dex: 10    Spells: 1/2 levels left

rFire   . . .        a - +0 spear
rCold   . . .        (no shield)
rNeg    . . .        e - +0 robe
rPois   .            (no helmet)
rElec   .            (no cloak)
rCorr   .            (no gloves)
SInv    .            (no boots)
Will    .....        (no amulet)
Stlth   +            (no ring)
HPRegen 0.22/turn    (no ring)
MPRegen 0.08/turn

%: no passive effects
@: no status effects
A: no striking features
a: no special abilities


You were on level 1 of the Dungeon.
You visited 1 branch of the dungeon, and saw 1 of its levels.

Inventory:

Hand Weapons
 a - a +0 spear (weapon)
Missiles
 b - 10 poisoned darts
Armour
 e - a +0 robe (worn)
Scrolls
 d - a scroll of blinking


   Skills:
 + Level 1.1 Polearms
 - Level 2.0 Throwing
 - Level 1.0 Armour
 + Level 1.0 Spellcasting
 + Level 5.0 Ice Magic


You had one spell level left.
You knew the following spells:

 Your Spells              Type           Power      Damage    Failure   Level
a - Freeze                Ice            60%        1d7       3%          1

Your spell library contained the following spells:

 Spells                   Type           Power      Damage    Failure   Level
 Ozocubu's Armour         Ice            15%        N/A       10%         3
 Hailstorm                Conj/Ice       8%         3d4       26%         3
 Poisonous Vapours        Pois/Air       0%         N/A       36%         2
 Mephitic Cloud           Conj/Pois/Air  0%         N/A       58%         3
 Freezing Cloud           Conj/Ice/Air   2%         6-21      98%         5


Dungeon Overview and Level Annotations

Branches:
Dungeon (1/15)

Altars:


Message History

The bat hits you but does no damage.
You hit the bat.
The bat is heavily wounded.
The bat barely misses you.
You reach to attack!
You barely miss the bat.
The bat is heavily wounded.
The bat hits you.
You reach to attack!
You barely miss the bat.
The bat is moderately wounded.
The bat closely misses you.
You reach to attack!
You hit the bat but do no damage.
The bat is moderately wounded.
The bat closely misses you.
You reach to attack!
You hit the bat.
You kill the bat!
No target in view!
No target in view!
HP restored.
Magic restored.
You pick up a book of Vapours and begin reading...
You add the spells Poisonous Vapours, Mephitic Cloud and Freezing Cloud to your library.
b - 10 poisoned darts (gained 1)
A hobgoblin and a kobold come into view.
The hobgoblin shouts!
A ball python comes into view.
The hobgoblin moves out of view.
A rat comes into view.
Found a club.
Found a club.
You barely miss the kobold. The kobold hits you but does no damage.
You hit the kobold but do no damage. The kobold hits you with a +0 whip.
You closely miss the kobold. The kobold closely misses you.
You closely miss the kobold. The kobold hits you with a +0 whip.
You are too injured to fight recklessly!
The rat attacks as it pursues you! The rat bites you.
* * * LOW HITPOINT WARNING * * *
You are too injured to fight recklessly!
You aren't carrying any potions.
The kobold attacks as it pursues you! The kobold hits you with a +0 whip.
You die...

..... .....#......)
...... ............
...... ...#...... #..
....... ..#......
#.... #...####....#
#.... #...........#
#.... ###....r....##
##....####..K..g....#
............@.....#$.#
..................#
....
............†.#...#
....
######...######### ...
#∩....##.∩## .S
##............. .
#∩.............#
##.............#
#..÷....#.....##


You could see a hobgoblin, a kobold and a rat.

Vanquished Creatures
  A bat (D:1)
  A rat (D:1)
2 creatures vanquished.

Notes
Turn   | Place    | Note
-------+----------+-------------------------------------------
     0 | D:1      | AppTheSpectato the Human Wanderer began the quest for the
                  | Orb.
     0 | D:1      | AppTheSpectato set off with the following items: a +0
                  | spear, 10 poisoned darts, a +0 dagger, a scroll of
                  | blinking, a +0 robe; and the following spell memorised:
                  | Freeze; and the following spells available to memorise:
                  | Ozocubu's Armour, Hailstorm.
     0 | D:1      | Reached XP level 1. HP: 13/13 MP: 2/2
    77 | D:1      | Slain by a kobold

Illustrated notes

Levels and vault maps discovered:
D:1:      amcnicky_arrival_abandoned_market, layout_basic, serial_shops,
          nicolae_shop_dealshenge, hellmonk_ecumenical_altar_slurped_away,
          minmay_pentomino_x2

Action                     || total
---------------------------++-------
  Melee: Spear             ||    12
  Throw: Dart              ||     1
   Cast: Freeze            ||     2
 Armour: Robe              ||     9
  Dodge: Dodged            ||     9

Table legend: (Time is in decaauts)
 A = Elapsed time spent in this place.
 B = Non-inter-level travel time spent in this place.
 C = Inter-level travel time spent in this place.
 D = Time resting spent in this place.
 E = Time spent auto-exploring this place.
 F = Levels seen in this place.
 G = Mean time per level.
                   A        B        C        D        E       F      G
               +--------+--------+--------+--------+--------+-----+--------+
         Total |     77 |     71 |      6 |      0 |     42 |   1 |   77.0 |
       Dungeon |     77 |     71 |      6 |      0 |     42 |   1 |   77.0 |
               +--------+--------+--------+--------+--------+-----+--------+

Top non-repeatable levels by time:
     D:1: 77 daAuts
